 Dungeon Crawl Stone Soup version 0.29.1-13-g9f3cf754e1 (webtiles) character file.

Game seed: 11460444950402306335

90 booth the Chopper (level 4, -4/33 HPs)
             Began as a Demonspawn Gladiator on Jan 19, 2023.
             Killed from afar by Terence (19 damage)
             ... with a bolt of light
             ... on level 1 of the Dungeon.
             The game lasted 00:14:51 (2884 turns).

booth the Chopper (Demonspawn Gladiator)            Turns: 2884, Time: 00:14:52

Health: -4/33      AC:  4    Str: 17    XL:     4   Next: 32%
Magic:  4/4        EV: 12    Int:  9    God:
Gold:   129        SH:  0    Dex: 14    Spells: 3/3 levels left

rFire   . . .      SeeInvis .   a - +0 war axe
rCold   + . .      Faith    .   j - +0 buckler
rNeg    . . .      Spirit   .   b - +0 leather armour
rPois   .          Reflect  .   c - +0 helmet
rElec   .          Harm     .   (no cloak)
rCorr   .          Rampage  .   (no gloves)
Will    .....                   (no boots)
Stlth   +.........              (no amulet)
HPRegen 0.11/turn               o - ring of protection from cold
MPRegen 0.09/turn               (no ring)

@: confused
A: demonic touch 2
a: no special abilities


You were on level 1 of the Dungeon.
You visited 1 branch of the dungeon, and saw 2 of its levels.

You collected 129 gold pieces.

Inventory:

Hand Weapons
 a - a +0 war axe (weapon)
 m - a +0 flail
Missiles
 e - a javelin (quivered)
Armour
 b - a +0 leather armour (worn)
 c - a +0 helmet (worn)
 f - a +0 robe of positive energy
 g - an orb of mayhem
 j - a +0 buckler (worn)
Jewellery
 o - a ring of protection from cold (left hand)
Scrolls
 h - a scroll of enchant weapon {unknown}
 i - a scroll of teleportation {unknown}
 k - a scroll of amnesia
 n - a scroll of poison {unknown}
Potions
 l - 2 potions of invisibility


   Skills:
 + Level 2.1 Fighting
 * Level 4.0 Axes
 + Level 2.1 Throwing
 + Level 1.1 Armour
 + Level 3.0 Dodging
 + Level 0.1 Stealth


You had 3 spell levels left.
You didn't know any spells.
Your spell library was empty.

Dungeon Overview and Level Annotations

Branches:
Dungeon (2/15)

Altars:

Annotations:
D:1 Terence


Innate Abilities, Weirdness & Mutations

Your touch may inflict irresistible damage on your foes.


Message History

Things that are here:
a giant cockroach corpse; a quokka corpse You slash the orc!
You kill the orc!
Things that are here:
a +0 flail; a +0 scale mail
m - a +0 flail
Found a garnet ring.
There is a fountain of clear blue water here.
n - a scroll labelled KALADA AMIEFO
o - a ring of protection from cold
Okay, then.
o - a ring of protection from cold (left hand) Terence shouts!
Terence zaps a wand.
The bolt of light hits you!
There is a stone staircase leading up here.
Terence zaps a wand.
The bolt of light misses you.
You climb upwards.
There is a stone staircase leading down here.
You barely miss Terence. Terence barely misses you.
Throw: 2 throwing nets
Press: ? - help, Q - select action, (/) - cycle Shift-Dir - straight line, f - Terence
Aim: Terence, wielding a +0 flail, wearing a +0 chain mail and carrying a wand of light (6) (68% to hit)
You throw a throwing net. The throwing net barely misses Terence.
Terence hits you with a +0 flail.
Throw: throwing net
Press: ? - help, Q - select action, (/) - cycle Shift-Dir - straight line, f/p - Terence
Aim: Terence, wielding a +0 flail, wearing a +0 chain mail and carrying a wand of light (6) (68% to hit)
You throw a throwing net. The throwing net hits Terence.
Terence is caught in the net!
Terence struggles against the net.
You hit Terence.
Terence is lightly wounded.
Terence struggles against the net. x2
You hit Terence.
Terence is lightly wounded.
Terence zaps a wand.
The bolt of light hits you!!
You are confused.
Ouch! That really hurt!
You die...

#.# #.#.##...#.#
#.####.#.##.#.#.###############
#.#....#....#...(.............#
..#.####....####..............#
###.# #....# #..............#
#.#.####....#
#..............###
#.........#.#
#.................
#.#.#######.#
#@.............##.
#.#.........#
#@.>...........##.
#.###########
#......[.......##. ..#########
#..............### #.........#
#######.......## #.........#
#...##.## #.........# #......#
#.........# #......# ###
#.........##############....#
#..
..........##................#
#..


You could see Terence (caught).

Vanquished Creatures
  3 adders (D:2)
  2 worms (D:2)
  An orc (D:2)
  6 endoplasms
  A giant cockroach (D:2)
  3 goblins
  4 hobgoblins
  9 jackals
  5 quokkas
  5 ball pythons
  5 bats
  A frilled lizard (D:2)
  5 kobolds
  2 rats (D:1)
52 creatures vanquished.

Notes
Turn   | Place    | Note
-------+----------+-------------------------------------------
     0 | D:1      | booth the Demonspawn Gladiator began the quest for the Orb.
     0 | D:1      | Reached XP level 1. HP: 16/16 MP: 1/1
   618 | D:1      | Gained mutation: Your touch may inflict minor irresistible
                  | damage on your foes. [demonic ancestry]
   618 | D:1      | Reached XP level 2. HP: 19/22 MP: 2/2
   772 | D:1      | Reached skill level 3 in Axes
  1522 | D:1      | Gained mutation: Your touch may inflict irresistible damage
                  | on your foes. [demonic ancestry]
  1522 | D:1      | Reached XP level 3. HP: 27/27 MP: 3/3
  1972 | D:2      | Noticed Terence
  2165 | D:2      | Reached skill level 1 in Armour
  2770 | D:2      | Reached XP level 4. HP: 29/33 MP: 4/4
  2772 | D:2      | Reached skill level 4 in Axes
  2884 | D:1      | Killed from afar by Terence

Illustrated notes

Levels and vault maps discovered:
D:1:      dpeg_arrival_simpleton_c, layout_basic, wad_floor_pattern_untrapped
D:2:      minmay_skewed_foursquare, layout_basic, basic_altar, serial_curves,
          eino_curves_02, eino_curves_03, eino_curves_02, uniq_terence

Skill      XL: |  1  2  3  4 |
---------------+-------------+-----
Throwing       | 2 |  2.1
Axes           | 3 4 |  4.0
Armour         | 1 |  1.1
Dodging        | 3 |  3.0
Fighting       | |  2.1
Stealth        | |  0.1

Action                   |  1- 3 |  4- 6 || total
-------------------------+-------+-------++-------
Melee: War axe           |   135 |    14 ||   149
       Touch             |     1 |       ||     1
Throw: Throwing net      |     1 |     2 ||     3
       Javelin           |     1 |       ||     1
  Use: Scroll            |     2 |       ||     2
       Potion            |     1 |       ||     1
Armor: Leather armour    |    52 |     2 ||    54
Dodge: Dodged            |   118 |     9 ||   127
Block: Buckler           |     9 |     1 ||    10
